 Dungeon Crawl Stone Soup version 0.13-a0-2923-g04ac8d1 (webtiles) character file.

225 JacquesDerrida the Shooter (level 5, -5/41 HPs)
             Began as a Draconian Hunter on Sept 2, 2013.
             Was an Initiate of Ashenzari.
             Slain by Pikel
             ... wielding a +2,+1 whip of electrocution
              (6 damage)
             ... on Level 3 of the Dungeon.
             The game lasted 00:07:11 (2506 turns).

JacquesDerrida the Shooter (Draconian Hunter)       Turns: 2506, Time: 00:07:11

HP  -5/41        AC  9     Str 14      XL: 5   Next: 21%
MP   4/4         EV 17     Int 18      God: Ashenzari [......]
Gold 61          SH  0     Dex 16      Spells:  0 memorised,  4 levels left

Res.Fire  : . . .   See Invis. : .   b - +1 bow
Res.Cold  : . . .   Warding    : .   (armour unavailable)
Life Prot.: . . .   Conserve   : .   (no shield)
Res.Poison: .       Res.Corr.  : .   (helmet restricted)
Res.Elec. : .       Clarity    : .   (no cloak)
Sust.Abil.: . .     Spirit.Shd : .   r - +0 pair of orc gauntlets
Res.Mut.  : .       Stasis     : .   (no boots)
Res.Rott. : .       Flight     : .   (no amulet)
Saprovore : . . .                    (no ring)
                                     i - +3 ring of protection

@: brilliant, agile, slightly resistant to hostile enchantments, stealthy
A: unfitting armour, AC +5
a: Renounce Religion


You were on level 3 of the Dungeon.
You worshipped Ashenzari.
Ashenzari was noncommittal.
You were hungry.

You visited 1 branch of the dungeon, and saw 4 of its levels.

You collected 41 gold pieces.

Inventory:

Hand weapons
 a - a +0,+0 short sword
 b - a +1,+1 bow (weapon)
Missiles
 c - 57 arrows
 q - 9 arrows of frost (quivered)
Armour
 r - a +0 pair of orcish gauntlets (worn)
Comestibles
 f - a bread ration
 t - a honeycomb
 A - a pear
Scrolls
 d - a scroll of remove curse
 h - 2 scrolls of identify
 j - 3 scrolls of random uselessness
 m - a scroll of magic mapping {unknown}
 n - a scroll of noise
 s - a scroll of curse weapon
 u - a scroll of enchant weapon I {unknown}
Jewellery
 i - a +3 ring of protection (left hand)
Potions
 e - a potion of paralysis
 k - a potion of coagulated blood
 o - a potion of cure mutation {unknown}
 p - a potion of resistance {unknown}


   Skills:
 - Level 1.1 Fighting
 + Level 6.0 Bows
 - Level 1.7 Dodging
 - Level 0.8 Stealth


You had 4 spell levels left.
You didn't know any spells.

Dungeon Overview and Level Annotations

Branches:
Dungeon (4/27)
 Temple: D:4-7

Altars:
Ashenzari
Okawaru
Zin

Annotations:
D:3 Pikel


Message History

Aim: Pikel, wielding a whip of electrocution and wearing a robe (heavily wounded)
You shoot an arrow of frost. The arrow of frost hits Pikel.
Pikel is severely wounded.
Pikel hits you with a whip of electrocution.
* * * LOW HITPOINT WARNING * * *
Drink which item? (? for menu, Esc to quit)
Okay, then.
Firing (i - inventory. (,) - cycle):
q - 11 arrows of frost (quivered)
Press: ? - help, Shift-Dir - straight line, f/p - Pikel
Aim: Pikel, wielding a whip of electrocution and wearing a robe (severely wounded)
You shoot an arrow of frost. The arrow of frost hits Pikel.
Pikel appears unharmed.
Pikel is severely wounded.
Pikel misses you.
Firing (i - inventory. (,) - cycle):
q - 10 arrows of frost (quivered)
Press: ? - help, Shift-Dir - straight line, f/p - Pikel
Aim: Pikel, wielding a whip of electrocution and wearing a robe (severely wounded)
You shoot an arrow of frost. The arrow of frost misses Pikel.
Pikel hits you with a whip of electrocution.
You die...

...##.###....).)#.>....##.# #.#.#
...##.#.........#..###.##.# #....
......#......##.#..# #.##.# #....
...####...........%# #%##.# ##...
...####.........##.# #.##.###....
..............####.# #.##..##....
#########.##..# #.# #...........
...# #.##..####[# #####.##....
...# #.......@K># #.##.... ...#
####..############.####.# #.##
#...............# #.# #.#
##.###########..####.# #.#
#.#####.....>.......# #.#
#.......#####..######
#.################### #..(.....
#.............############.######
#############..............#


You could see Pikel.

Vanquished Creatures
  2 slaves (D:3)
  A hound (D:3)
  Terence (D:3)
  6 adders
  A giant gecko (D:2)
  An ooze (D:3)
  2 orcs (D:3)
  7 bats
  A bat skeleton (D:4)
  4 giant cockroaches
  5 hobgoblins
  3 jackals (D:3)
  7 kobolds
  A quokka (D:2)
  2 giant newts
  11 goblins
  9 rats
64 creatures vanquished.

Notes
Turn   | Place    | Note
--------------------------------------------------------------
     0 | D:1      | JacquesDerrida, the Draconian Hunter, began the quest for the Orb.
     0 | D:1      | Reached XP level 1. HP: 17/17 MP: 0/0
   290 | D:1      | Reached skill level 4 in Bows
   315 | D:1      | Reached XP level 2. HP: 16/24 MP: 1/1
   962 | D:2      | Reached XP level 3. HP: 25/29 MP: 2/2
  1437 | D:3      | Reached skill level 5 in Bows
  1445 | D:3      | Reached XP level 4. HP: 22/36 MP: 3/3
  1648 | D:3      | Found a shattered altar of Ashenzari.
  1776 | D:3      | Became a worshipper of Ashenzari the Shackled
  1833 | D:3      | Noticed Terence
  1848 | D:3      | Killed Terence
  1848 | D:3      | Reached XP level 5. HP: 41/41 MP: 4/4
  1925 | D:3      | Found an iron altar of Okawaru.
  2276 | D:4      | Found a glowing silver altar of Zin.
  2375 | D:4      | Noticed a slave
  2376 | D:4      | Noticed a slave
  2389 | D:3      | Killed a slave
  2407 | D:3      | Reached skill level 6 in Bows
  2464 | D:3      | Killed a slave
  2487 | D:4      | Noticed Pikel
  2487 | D:4      | Noticed a slave
  2487 | D:4      | Noticed a slave
  2493 | D:3      | HP: 1/41 [Pikel/whip of electrocution (18)]
  2504 | D:3      | HP: 1/41 [Pikel/whip of electrocution (6)]
  2506 | D:3      | Slain by Pikel

Action                   |  1- 3 |  4- 6 || total
-------------------------+-------+-------++-------
Melee: Short sword       |   133 |    63 ||   196
 Fire: Bow               |    30 |    45 ||    75
  Use: Scroll            |       |     4 ||     4
       Potion            |       |     4 ||     4
 Stab: Sleeping          |       |     1 ||     1
